 Dungeon Crawl Stone Soup version 0.27-a0-1193-g8631133539 (webtiles) character file.

Game seed: 8179895438848017656

234542 PejaSLU the Warrior (level 18, -8/176 HPs)
             Began as a Minotaur Berserker on May 24, 2021.
             Was a High Priest of Trog.
             Mangled by a fire elemental (14 damage)
             ... summoned by a deep elf pyromancer
             ... on level 2 of the Elven Halls.
             The game lasted 01:37:11 (34049 turns).

PejaSLU the Warrior (Minotaur Berserker)           Turns: 34049, Time: 01:37:11

Health: -8/176     AC: 30    Str: 28    XL:     18   Next: 88%
Magic:  17/17      EV: 10    Int:  5    God:    Trog [*****.]
Gold:   2996       SH:  0    Dex: 11    Spells: 17/17 levels left

rFire    . . .     SeeInvis .   k - +7 Singing Sword {vorpal, sonic wave, niezly napierdalacz}
rCold    . . .     Faith    .   Q - +0 kite shield
rNeg     . . .     Spirit   .   M - +3 plate armour {Will+}
rPois    .         Reflect  +   (helmet restricted)
rElec    .         Harm     +   (no cloak)
rCorr    +         Rampage  .   W - +0 pair of gloves of Howling Wind {Harm rCorr Stlth-}
Will     ++++.                  x - +2 pair of boots
Stlth    ..........             T - amulet of reflection
HPRegen  1.39/turn              v - +4 ring of protection
MPRegen  0.15/turn              (no ring)

@: confused, ambrosia-drunk, strong-willed (expiring), on berserk cooldown,
regenerating (expiring), slowed, very slow
A: horns 2, retaliatory headbutt
}: 1/15 runes: gossamer
a: Renounce Religion, Berserk, Trog's Hand, Brothers in Arms


You were on level 2 of the Elven Halls.
You worshipped Trog.
Trog was extremely pleased with you.
You visited 6 branches of the dungeon, and saw 30 of its levels.
You also visited: Ice Cave and Volcano.

You collected 3158 gold pieces.
You spent 162 gold pieces at shops.

Inventory:

Hand Weapons
 k - the +7 Singing Sword (weapon) {vorpal, sonic wave, niezly napierdalacz}
   (You found it on level 4 of the Dungeon)

   It inflicts extra damage upon your enemies.
 H - a +7 battleaxe of electrocution
 J - a +4 vorpal great sword
 O - a +3 broad axe of flaming
 P - a +6 battleaxe of distortion
 V - a +3 antimagic falchion
Missiles
 f - 5 throwing nets
 w - 4 curare-tipped darts
 G - 8 atropa-tipped darts
Armour
 j - a +5 plate armour
 x - a +2 pair of boots (worn)
 M - a +3 plate armour of willpower (worn)
 N - a +2 plate armour of cold resistance
 Q - a +0 kite shield (worn)
 W - the +0 pair of gloves of Howling Wind (worn) {Harm rCorr Stlth-}
   (You found it on level 1 of the Lair of Beasts)

   It protects you from acid and corrosion.
   It increases damage dealt and taken.
   It makes you less stealthy.
Jewellery
 o - a ring of flight
 v - a +4 ring of protection (left hand)
 z - a ring of protection from fire
 C - a ring of ice
 T - an amulet of reflection (around neck)
 U - a ring of fire
 Z - an amulet of magic regeneration
Wands
 a - a wand of polymorph (12)
 n - a wand of flame (154)
 y - a wand of iceblast (56)
 B - a wand of acid (2)
 D - a wand of digging (2)
 K - a wand of mindburst (24)
 L - a wand of charming (14)
 S - a wand of paralysis (14)
Scrolls
 c - 4 scrolls of teleportation
 g - 4 scrolls of fog
 h - 19 scrolls of identify
 p - 3 scrolls of magic mapping
 q - 2 scrolls of summoning
 t - 3 scrolls of fear
 A - 2 scrolls of brand weapon
 F - 3 scrolls of holy word
 R - 2 scrolls of silence
Potions
 b - 2 potions of berserk rage {unknown}
 d - 3 potions of resistance
 e - a potion of degeneration {unknown}
 i - a potion of invisibility
 l - a potion of curing
 m - 2 potions of ambrosia
 r - 7 potions of might
 s - 2 potions of heal wounds {unknown}
 u - a potion of cancellation {unknown}
 E - 7 potions of flight
 I - 3 potions of haste
 X - a potion of mutation
Miscellaneous
 Y - a lightning rod (4/4)


   Skills:
 + Level 19.4 Fighting
 - Level 18.0 Long Blades
 - Level 8.1 Axes
 + Level 5.2 Throwing
 + Level 17.4 Armour
 + Level 5.5 Dodging
 + Level 18.8 Shields


You had 17 spell levels left.
You didn't know any spells.
Your spell library was empty.

Dungeon Overview and Level Annotations

Branches:
Dungeon (15/15)            Temple (0/1) D:4            Lair (5/6) D:10
 Shoals (2/4) Lair:3       Spider (4/4) Lair:4          Orc (2/2) D:9
    Elf (2/3) Orc:2        Vaults (0/5) D:13         Depths (0/5) D:15
  IceCv (visited)         Volcano (visited)
  Slime: Lair:5-6

Altars:
Cheibriados
Dithmenos
Fedhas
Makhleb
Nemelex Xobeh
Okawaru
Trog
Wu Jian
Xom
Beogh

Shops:
D:9 !   D:15 *   Orc:2 (*[(*

Portals:
Trove: D:15 (give 6 scrolls of fear)


Innate Abilities, Weirdness & Mutations

You have a pair of horns on your head.
You reflexively headbutt those who attack you in melee.


Message History

* * * LOW HITPOINT WARNING * * *
You closely miss the deep elf pyromancer.
The deep elf pyromancer is severely wounded.
You block the fire elemental's attack.
The deep elf pyromancer mumbles some strange words.
The deep elf pyromancer blinks!
The fire elemental hits you. The fire elemental burns you!
* * * LOW HITPOINT WARNING * * *
You block the fire elemental's attack.
Your ogre goes berserk!
The deep elf pyromancer points at you and mumbles some strange words.
The bolt of fire misses you. You block the fire elemental's attack.
The fire elemental closely misses you.
The deep elf pyromancer casts a spell at you.
The bolt of fire misses you. The fire elemental closely misses you.
You block the fire elemental's attack.
You feel the effects of Trog's Hand fading.
Your ogre closely misses the deep elf pyromancer.
The fire elemental hits you. The fire elemental burns you!
* * * LOW HITPOINT WARNING * * *
You block the fire elemental's attack. x2
Your ogre misses the deep elf pyromancer.
You feel better.
The deep elf pyromancer hits you but does no damage.
You are electrocuted!
* * * LOW HITPOINT WARNING * * *
You block the fire elemental's attack. x2
Your ogre misses the deep elf pyromancer.
The deep elf pyromancer mumbles some strange words.
The deep elf pyromancer blinks!
You block the fire elemental's attack.
You are confused.
You feel invigorated. The fire elemental closely misses you.
The fire elemental barely misses you. The fire elemental hits you.
The fire elemental burns you!
* * * LOW HITPOINT WARNING * * *
The deep elf pyromancer hits your ogre with a +1 dagger of electrocution.
Lightning courses through your ogre!
Your ogre completely misses the deep elf pyromancer.
The fire elemental hits you. The fire elemental burns you!
You die...

#... .. #...## ...
#....# ....
#....###....
#.....#.e... ........
#......O.... ........
#....ยง...... #......
#...@.......# ##.....
#...EE.......##......
#....................
#....)#..............
#..).###.............
#..).# #.............
#..)## #...........#
#..)## ##..........##
#....###.........)..#


You could see a deep elf pyromancer (ally target), 2 fire elementals and a
friendly ogre (summoned, berserk).

Vanquished Creatures
  Arachne (Spider:4)
  Rupert (D:15)
  Gastronok (Lair:1)
  Roxanne (Elf:1)
  A deep elf sorcerer (Elf:2)
  2 ghost moths (Spider:4)
  6 emperor scorpions
  Nessos (D:15)
  A deep elf demonologist (Elf:1)
  A spark wasp (Spider:4)
  4 entropy weavers
  A red draconian (Volcano)
  Josephine (D:15)
  2 blizzard demons (IceCv)
  Erolcha (D:12)
  The ghost of ICC the Protected, a journeyman VSFi of Wu Jian (D:14)
  3 boulder beetles
  A death knight (D:13)
  4 centaur warriors
  9 vault guards
  3 hydras
  7 two-headed ogres
  2 merfolk aquamancers (Shoals:1)
  22 dancing weapons
  2 death yaks (Lair:3)
  A tengu warrior (D:12)
  2 orc high priests (Orc:2)
  Sonja (Lair:3)
  12 deep elf knights
  Nergalle (Lair:1)
  A sea snake (Shoals:1)
  A salamander mystic (Volcano)
  4 deep elf archers
  2 wizards
  13 deep elf zephyrmancers
  20 deep elf pyromancers
  12 ugly things
  Pikel (D:7)
  A harpy (shapeshifter) (D:13)
  8 harpies (Shoals:1)
  3 orc knights
  18 wolf spiders
  14 orb spiders
  A necromancer (D:15)
  3 orc sorcerers
  A faun (Shoals:2)
  A salamander (Volcano)
  2 oklob plants
  3 moths of wrath
  6 manticores
  2 ice statues (Spider:3)
  4 black mambas (Lair:3)
  14 cyclopes
  7 elephants
  A naga mage (D:15)
  4 molten gargoyles (Volcano)
  6 gargoyles
  A torpor snail (Lair:1)
  11 cane toads
  2 rime drakes
  12 demonic crawlers
  A kobold demonologist (D:14)
  A golden dragon simulacrum (IceCv)
  2 efreet
  8 komodo dragons
  An anaconda simulacrum (IceCv)
  5 freezing wraiths
  5 ice devils (IceCv)
  2 tengu conjurers (D:14)
  2 merfolk (Shoals:1)
  8 trolls
  4 polar bears
  3 meliai (D:13)
  A wolf spider simulacrum (IceCv)
  2 wind drakes (Shoals:1)
  21 jumping spiders
  13 hornets
  3 slime creatures
  2 snapping turtles (Shoals:1)
  4 dream sheep
  3 air elementals
  76 redbacks
  Sigmund (D:2)
  3 shadows
  3 wyverns
  11 water elementals
  36 tarantellas
  14 wraiths
  2 dire elephant simulacra (IceCv)
  3 fire elementals (Elf:2)
  A tarantella (shapeshifter) (D:12)
  39 yaks
  A golden eye (shapeshifter) (D:15)
  2 steam dragons
  5 vampire mosquitoes (D:12)
  3 basilisks
  A two-headed ogre zombie (D:9)
  2 iron troll simulacra (IceCv)
  Edmund (D:6)
  5 harpy simulacra (IceCv)
  8 wargs
  3 hydra simulacra (IceCv)
  6 water moccasins
  45 orc warriors
  An ettin simulacrum (IceCv)
  A sky beast (D:6)
  2 swamp drakes
  5 ogres
  6 wolves
  10 centaurs
  A lemure (D:7)
  Blork the orc (Orc:1)
  A kobold brigand (D:10)
  A gnoll sergeant (D:5)
  5 bullfrogs
  An earth elemental (Elf:1)
  6 scorpions
  A wyvern zombie (D:6)
  2 water moccasin skeletons (D:5)
  3 troll zombies (D:9)
  2 elephant simulacra (IceCv)
  7 killer bees
  7 wights
  3 electric eels
  8 howler monkeys
  A crimson imp (Orc:1)
  2 draconian simulacra (IceCv)
  6 centaur zombies
  2 bullfrog zombies
  2 hounds
  3 centaur skeletons
  34 orc priests
  2 bullfrog skeletons
  2 gnoll shamans
  An iron imp (Orc:1)
  4 iguanas
  43 orc wizards
  4 troll simulacra (IceCv)
  A spriggan simulacrum (IceCv)
  3 polar bear simulacra (IceCv)
  4 ogre zombies (D:9)
  A howler monkey zombie (D:9)
  11 gnolls
  11 adders
  3 naga simulacra (IceCv)
  An ogre simulacrum (IceCv)
  A shadow imp (Orc:1)
  5 white imps
  A howler monkey simulacrum (D:10)
  6 ufetubi
  An adder zombie (D:5)
  2 adder skeletons (D:4)
  5 worms
  4 dart slugs
  110 orcs
  9 ball pythons
  8 bats
  7 endoplasms
  5 giant cockroaches
  6 goblins
  7 hobgoblins
  11 jackals
  10 kobolds
  4 quokkas
  4 frilled lizards
  A goblin skeleton (D:9)
  A goblin zombie (D:9)
  A hobgoblin skeleton (D:9)
  5 hobgoblin zombies (D:9)
  3 orc skeletons (D:9)
  14 orc zombies (D:9)
  4 rats
1087 creatures vanquished.

Vanquished Creatures (collateral kills)
  An orc warlord (Orc:2)
  A ghost moth (Spider:4)
  A dancing weapon (Elf:2)
  3 deep elf zephyrmancers (Elf:1)
  2 deep elf pyromancers
  2 redbacks (Spider:4)
  An orc (Orc:2)
11 creatures vanquished.

Vanquished Creatures (others)
  A dancing weapon (Elf:2)
  2 deep elf pyromancers
  A wolf spider (Spider:4)
  A water elemental (Shoals:1)
  2 ufetubi (IceCv)
  36 fungi
  63 plants
106 creatures vanquished.

Grand Total: 1204 creatures vanquished

Notes
Turn   | Place    | Note
-------+----------+-------------------------------------------
     0 | D:1      | PejaSLU the Minotaur Berserker began the quest for the Orb.
     0 | D:1      | Reached XP level 1. HP: 19/19 MP: 0/0
   244 | D:1      | Reached skill level 4 in Fighting
   244 | D:1      | Reached XP level 2. HP: 27/27 MP: 1/1
   297 | D:1      | Reached ** piety under Trog
   360 | D:1      | Reached XP level 3. HP: 26/33 MP: 2/2
   886 | D:2      | Noticed Sigmund
   891 | D:2      | Reached XP level 4. HP: 36/41 MP: 3/3
   894 | D:2      | Reached skill level 5 in Axes
   896 | D:2      | Killed Sigmund
   897 | D:2      | Reached skill level 5 in Fighting
   897 | D:2      | Reached XP level 5. HP: 26/48 MP: 4/4
  1139 | D:2      | Reached XP level 6. HP: 49/56 MP: 5/5
  1459 | D:2      | Found a faded altar of an unknown god.
  1467 | D:2      | Found a shimmering altar of Xom.
  1742 | D:2      | Reached *** piety under Trog
  1830 | D:3      | Found a sparkling altar of Nemelex Xobeh.
  2698 | D:3      | Noticed a moth of wrath
  2701 | D:3      | Found a bloodstained altar of Trog.
  2857 | D:4      | Reached **** piety under Trog
  2858 | D:4      | Reached XP level 7. HP: 52/62 MP: 6/6
  3084 | D:4      | Found a staircase to the Ecumenical Temple.
  3131 | D:4      | Reached skill level 6 in Fighting
  3298 | D:4      | Found the +7 Singing Sword {vorpal, sonic wave}
  3471 | D:4      | Reached skill level 1 in Long Blades
  3596 | D:4      | Found a burning altar of Makhleb.
  4041 | D:5      | Entered Level 5 of the Dungeon
  4143 | D:5      | Reached XP level 8. HP: 71/71 MP: 7/7
  4508 | D:5      | Reached skill level 5 in Long Blades
  4508 | D:5      | Reached skill level 5 in Armour
  4683 | D:6      | Reached ***** piety under Trog
  4740 | D:6      | Noticed Edmund
  4746 | D:6      | Killed Edmund
  4922 | D:6      | Reached skill level 7 in Fighting
  5064 | D:6      | Reached XP level 9. HP: 79/79 MP: 8/8
  5613 | D:7      | Reached skill level 1 in Shields
  5835 | D:7      | Noticed Pikel
  5841 | D:7      | Killed Pikel
  5842 | D:7      | Reached skill level 10 in Long Blades
  5959 | D:7      | Noticed a troll
  5964 | D:7      | Killed a troll
  6417 | D:8      | Reached skill level 8 in Fighting
  6441 | D:8      | Noticed a two-headed ogre
  6447 | D:8      | Killed a two-headed ogre
  6448 | D:8      | Reached XP level 10. HP: 85/88 MP: 9/9
  6937 | D:8      | Found an ornate altar of the Wu Jian Council.
  7245 | D:9      | Found a staircase to the Orcish Mines.
  7259 | D:9      | Received a gift from Trog
  7268 | D:9      | Reached ****** piety under Trog
  7342 | D:9      | Reached XP level 11. HP: 90/95 MP: 10/10
  7422 | D:9      | Found Buyde's Distillery.
  7654 | D:9      | Noticed a two-headed ogre
  7662 | D:9      | Killed a two-headed ogre
  7663 | D:9      | Reached skill level 9 in Fighting
  8148 | Orc:1    | Entered Level 1 of the Orcish Mines
  8276 | Orc:1    | Noticed Blork the orc
  8284 | Orc:1    | Killed Blork the orc
  8651 | Orc:1    | Received a gift from Trog
  8652 | Orc:1    | Reached skill level 15 in Long Blades
  8750 | Orc:1    | Noticed an orc knight
  8758 | Orc:1    | Killed an orc knight
  9120 | Orc:1    | Noticed a deep elf pyromancer
  9123 | Orc:1    | Killed a deep elf pyromancer
  9230 | Orc:1    | Noticed a deep elf pyromancer
  9235 | Orc:1    | Killed a deep elf pyromancer
  9457 | Orc:2    | Entered Level 2 of the Orcish Mines
  9475 | Orc:2    | Noticed an orc high priest
  9478 | Orc:2    | Noticed a soul eater
  9513 | Orc:2    | Killed an orc high priest
  9787 | Orc:2    | Received a gift from Trog
  9819 | Orc:2    | Noticed an orc knight
  9835 | Orc:2    | Killed an orc knight
  9836 | Orc:2    | Reached XP level 12. HP: 105/106 MP: 11/11
  9846 | Orc:2    | Noticed an orc warlord
 10106 | Orc:2    | Killed an orc warlord
 10107 | Orc:2    | Reached skill level 10 in Fighting
 10256 | Orc:2    | Noticed an orc high priest
 10264 | Orc:2    | Killed an orc high priest
 10453 | Orc:2    | Found a staircase to the Elven Halls.
 10476 | Orc:2    | Found Sivulawug's Assorted Antiques.
 10537 | Orc:2    | Found Joukuul's Antique Armour Shoppe.
 10544 | Orc:2    | Found Urhasan's Antique Weapon Emporium.
 10589 | Orc:2    | Bought a kite shield for 162 gold pieces
 10667 | Orc:2    | Found Hoepa Fai's Weapon Shop.
 10918 | Orc:2    | Found Jor Muos's General Store.
 11162 | D:10     | Entered Level 10 of the Dungeon
 11173 | D:10     | Found a snail-covered altar of Cheibriados.
 11230 | D:10     | Received a gift from Trog
 11315 | D:10     | Noticed a two-headed ogre
 11319 | D:10     | Killed a two-headed ogre
 11320 | D:10     | Reached skill level 10 in Armour
 11389 | D:10     | Found a staircase to the Lair.
 11401 | D:10     | Reached skill level 11 in Fighting
 11511 | D:10     | Found a shimmering altar of Xom.
 11603 | D:10     | Paralysed by a hornet for 1 turns
 11616 | D:10     | Reached skill level 5 in Shields
 11653 | D:10     | Noticed a two-headed ogre
 11670 | D:10     | Killed a two-headed ogre
 11907 | D:10     | Noticed a centaur warrior
 11914 | D:10     | Killed a centaur warrior
 12292 | D:10     | Noticed a boulder beetle
 12298 | D:10     | Killed a boulder beetle
 12299 | D:10     | Reached XP level 13. HP: 117/117 MP: 12/12
 12787 | Lair:1   | Entered Level 1 of the Lair of Beasts
 12787 | Lair:1   | Noticed Nergalle
 12794 | Lair:1   | Killed Nergalle
 12993 | Lair:1   | Received a gift from Trog
 12998 | Lair:1   | Reached skill level 12 in Fighting
 13409 | Lair:1   | Identified the +0 pair of gloves of Howling Wind {Harm
                  | rCorr Stlth-}
 13419 | Lair:1   | Noticed Gastronok
 13431 | Lair:1   | Killed Gastronok
 14340 | Lair:2   | Found a dark tunnel.
 14348 | Volcano  | Entered a volcano
 14423 | Volcano  | Reached skill level 13 in Fighting
 14620 | Volcano  | Noticed an orb of fire
 14743 | Volcano  | Noticed a red draconian
 14747 | Volcano  | Noticed an orb of fire
 14753 | Volcano  | Killed a red draconian
 15362 | Lair:3   | Noticed Sonja
 15364 | Lair:3   | Killed Sonja
 15712 | Lair:3   | Reached XP level 14. HP: 119/129 MP: 13/13
 15915 | Lair:3   | Found a staircase to the Shoals.
 16068 | Lair:3   | Identified the +10 scythe "Qinwy" {pain, Dex+2}
 16673 | Lair:4   | Reached skill level 10 in Shields
 16688 | Lair:4   | You fall into a shaft and drop 1 floor!
 16700 | Lair:5   | Reached skill level 14 in Fighting
 16853 | Lair:4   | Received a gift from Trog
 16955 | Lair:4   | Found a hole to the Spider Nest.
 17074 | Spider:1 | Entered Level 1 of the Spider Nest
 18518 | Spider:2 | Identified the +3 rapier "Nuteleud" {vorpal, rF+ rN+ Will-}
 18848 | Spider:2 | Received a gift from Trog
 18858 | Spider:2 | Reached skill level 15 in Fighting
 20140 | Spider:3 | Noticed an emperor scorpion
 20144 | Spider:3 | Reached XP level 15. HP: 141/141 MP: 14/14
 20561 | Spider:3 | Found a frozen archway.
 20789 | IceCv    | Entered an ice cave
 20960 | IceCv    | Identified the +2 robe of the Ditch-Digger {Dex+2}
 21221 | IceCv    | Received a gift from Trog
 21686 | IceCv    | Reached skill level 16 in Fighting
 22295 | Spider:3 | Received a gift from Trog
 22311 | Spider:3 | Identified the +1 leather armour of Fun and Games {rElec
                  | rC+ rN+ Dex+3}
 22421 | Spider:4 | Entered Level 4 of the Spider Nest
 22917 | Spider:4 | Reached skill level 15 in Armour
 23198 | Spider:4 | Noticed Arachne
 23203 | Spider:4 | Killed a ghost moth
 23215 | Spider:4 | Killed Arachne
 23217 | Spider:4 | Killed a ghost moth
 23496 | Spider:4 | Reached XP level 16. HP: 148/154 MP: 15/15
 23595 | Spider:4 | Reached skill level 17 in Fighting
 23604 | Spider:4 | Reached skill level 15 in Shields
 23721 | Spider:4 | Got a gossamer rune of Zot
 24111 | Shoals:1 | Entered Level 1 of the Shoals
 24163 | Shoals:1 | Found a blossoming altar of Fedhas.
 24485 | Shoals:1 | You fall into a shaft and drop 1 floor!
 24489 | Shoals:2 | Received a gift from Trog
 24779 | Lair:3   | Upgraded the game from 0.27-a0-1191-g601b473118 to
                  | 0.27-a0-1193-g8631133539
 25038 | D:11     | Reached skill level 5 in Throwing
 25038 | D:11     | Reached XP level 17. HP: 162/162 MP: 16/16
 25401 | D:12     | Noticed Erolcha
 25408 | D:12     | Killed Erolcha
 26556 | D:13     | Reached skill level 5 in Dodging
 26770 | D:13     | Received a gift from Trog
 26902 | D:13     | Reached skill level 18 in Fighting
 27361 | D:13     | Found a gate to the Vaults.
 27582 | D:14     | Found a runed translucent door.
 27582 | D:14     | Noticed ICC's ghost (journeyman VSFi)
 27629 | D:14     | Killed ICC's ghost
 27679 | D:14     | Reached XP level 18. HP: 132/172 MP: 17/17
 27907 | D:14     | Found an iron altar of Okawaru.
 28212 | D:14     | Identified the +4 flail of Soschil {vorpal, Str-5 Int+7}
 28440 | D:15     | Entered Level 15 of the Dungeon
 28518 | D:15     | Noticed Rupert
 28519 | D:15     | Paralysed by Rupert for 5 turns
 28532 | D:15     | Killed Rupert
 28573 | D:15     | Found Viugoqox's Assorted Antiques.
 28589 | D:15     | Noticed Nessos
 28594 | D:15     | Killed Nessos
 28655 | D:15     | Noticed Josephine
 28661 | D:15     | Killed Josephine
 28835 | D:15     | Paralysed by an orc sorcerer for 4 turns
 28886 | D:15     | Found a staircase to the Depths.
 28893 | D:15     | Received a gift from Trog
 29250 | D:15     | Found a portal to a secret trove of treasure.
 29485 | D:15     | Found a shadowy altar of Dithmenos.
 29685 | Elf:1    | Entered Level 1 of the Elven Halls
 30120 | Elf:1    | Noticed Roxanne
 30565 | Elf:1    | Killed Roxanne
 32613 | Elf:2    | Reached skill level 19 in Fighting
 32816 | Elf:2    | Found a runed translucent gate.
 32816 | Elf:2    | Found a runed translucent gate.
 32816 | Elf:2    | Found a runed translucent gate.
 33274 | Elf:2    | Received a gift from Trog
 34048 | Elf:2    | HP: 2/176 [deep elf pyromancer/+1 dagger of electrocution
                  | (16)]
 34049 | Elf:2    | Mangled by a fire elemental

Illustrated notes

Levels and vault maps discovered:
D:1:      dpeg_arrival_tiny_a, layout_basic, minivault_26, eino_curves_02,
          serial_bayou_lagoon_a, amethyst_killhole, grunt_decor_one_mirror
D:2:      layout_basic, basic_ecumenical_altar, basic_altar,
          minmay_statues_item, minmay_misc_feat_rows, chequers_decorated_corner,
          uniq_sigmund
D:3:      layout_loops_ring, tgw_trog, nemelex_xobeh_ov_fountains_minmay
D:4:      old_forge, layout_basic, old_standard_altar, temple_fountains
D:5:      layout_gridville
D:6:      layout_loops_ring, uniq_edmund
D:7:      layout_loops_ring, minmay_misc_feat_four_crosses,
          kennysheep_generic_room_11, uniq_pikel
D:8:      layout_rooms, nzn_wu_jian_council_hall
D:9:      layout_cave_pods, zombieorc2_lemuel, serial_shops,
          nicolae_shop_statue_plus, grunt_ministairs_2
D:10:     minmay_the_grid_octo_2x2 [minmay_the_grid_octo_77,
          minmay_the_grid_octo_chip, minmay_the_grid_octo_checkered,
          minmay_the_grid_octo_prize_big_c], layout_layer_cave,
          nicolae_overflow_crystal_walls, kennysheep_slug_shrine,
          erik_lair_orcish_takeover
D:11:     layout_roguey
D:12:     four-leaf_vault, layout_small_grid, uniq_erolcha
D:13:     layout_loops_ring, erik_vaults_2, amcnicky_mini_pool_medium
D:14:     minmay_distorted_concentric_squares, layout_loops_ring,
          hellmonk_ghost_happy_afterlife, old_standard_altar
D:15:     grunt_enter_depths_magical_seal, layout_gridville,
          grunt_dithmenos_smoke_and_mirrors, enter_trove_5, serial_shops, shop,
          uniq_rupert, uniq_josephine, uniq_nessos
Lair:1:   layout_long_grid, infiniplex_staircase_pool, uniq_gastronok,
          uniq_nergalle
Lair:2:   layout_regular_city, nicolae_volcano_entry_s_turn
Lair:3:   nzn_winding_woodlands_stair_cross
          [nzn_winding_woodlands_5x15_sidewinder,
          nzn_winding_woodlands_center_lodge, nzn_winding_woodlands_5x15_garden,
          nzn_winding_woodlands_5x5_closed_star,
          nzn_winding_woodlands_5x5_default, nzn_winding_woodlands_5x15_pool,
          nzn_winding_woodlands_center_diamonds,
          nzn_winding_woodlands_5x15_eye], layout_regular_city,
          minmay_shoals_entry_centaurs, beast_lair_carwin_9,
          lemuel_fruit_fields, uniq_sonja
Lair:4:   layout_regular_city, nicolae_spider_entry_orb_guardian, pond,
          serial_bayou_shore_a, grunt_megastairs_4
Lair:5:   layout_cave_pods, nicolae_slime_entry_slimehenge, serial_bayou_ford_a
Shoals:1: layout_shoals, lemuel_oklob_altar
Shoals:2: layout_shoals
Spider:1: layout_chambers
Spider:2: layout_chambers
Spider:3: layout_spider_delve, portal_ice_cave_entry_ice_statue_two
Spider:4: spider_rune_water, uniq_arachne
Orc:1:    layout_diamond_mine, hangedman_minor_magic
Orc:2:    grunt_orc_community_town_hall, layout_caves,
          grunt_orc_community_big_house_2, grunt_orc_community_big_house_1,
          grunt_orc_community_house_1, grunt_orc_community_house_1,
          grunt_orc_community_house_1, grunt_orc_community_house_3,
          grunt_orc_community_house_1, serial_shops, shop_fountains,
          nicolae_orc_tapped_out
Elf:1:    eino_elf_arrival_customs, layout_gridlike, minmay_elf_sorcery,
          st_stairs_14, uniq_roxanne
Elf:2:    layout_geoelf_octagon

Skill      XL: |  1  2  3  4  5  6  7  8  9 10 11 12 13 14 15 16 17 18 |
---------------+-------------------------------------------------------+-----
Fighting       | 4 5 6 7 8 9 11 13 15 16 17 18 19 | 19.4
Axes           | 4 6 7 8 |  8.1
Dodging        | 3 4 5 |  5.5
Armour         | 3 4 5 6 7 9 10 12 14 15 16 17 | 17.4
Long Blades    | 3 8 11 14 16 17 18 | 18.0
Shields        | 1 2 3 5 9 12 14 15 17 18 | 18.8
Throwing       | 5 |  5.2

Action                   |  1- 3 |  4- 6 |  7- 9 | 10-12 | 13-15 | 16-18 || total
-------------------------+-------+-------+-------+-------+-------+-------++-------
Melee: Hand axe          |    44 |   105 |    46 |       |       |       ||   195
       Headbutt          |     6 |    17 |    18 |    77 |   122 |   107 ||   347
       Double sword      |       |       |   129 |   388 |   641 |   516 ||  1674
Invok: Berserk           |     2 |     1 |     7 |    16 |    10 |    19 ||    55
       Trog's Hand       |       |       |       |     2 |     1 |     6 ||     9
       Brothers in Arms  |       |       |       |     1 |     1 |     5 ||     7
  Use: Scroll            |       |     8 |     3 |     4 |    14 |    11 ||    40
       Potion            |       |       |     1 |       |     1 |    10 ||    12
Armor: Animal skin       |     4 |     2 |       |       |       |       ||     6
       Ring mail         |       |    23 |       |       |       |       ||    23
       Plate armour      |       |       |   169 |   216 |   316 |   211 ||   912
Dodge: Dodged            |    21 |    62 |    89 |    96 |   132 |   121 ||   521
Block: Buckler           |       |       |    23 |    44 |       |       ||    67
       Kite shield       |       |       |       |    49 |   526 |   470 ||  1045
       Reflection        |       |       |       |       |    18 |    57 ||    75
       Rpst.: Double sword |       |       |    16 |    25 |    28 |    20 ||    89

Table legend: (Time is in decaauts)
 A = Elapsed time spent in this place.
 B = Non-inter-level travel time spent in this place.
 C = Inter-level travel time spent in this place.
 D = Time resting spent in this place.
 E = Time spent auto-exploring this place.
 F = Levels seen in this place.
 G = Mean time per level.
                   A        B        C        D        E       F      G
               +--------+--------+--------+--------+--------+-----+--------+
         Total |  34325 |  32945 |   1380 |   5213 |  22177 |  32 | 1072.7 |
       Dungeon |  14698 |  14047 |    651 |   1226 |  10705 |  15 |  979.9 |
          Lair |   3716 |   3512 |    204 |    338 |   2404 |   5 |  743.2 |
        Shoals |    696 |    696 |      0 |    376 |     19 |   2 |  348.0 |
   Spider Nest |   5829 |   5532 |    297 |    336 |   4384 |   4 | 1457.2 |
  Orcish Mines |   3115 |   2974 |    141 |    801 |   1546 |   2 | 1557.5 |
   Elven Halls |   4395 |   4310 |     85 |   1689 |   2037 |   2 | 2197.5 |
      Ice Cave |   1110 |   1110 |      0 |    444 |    495 |   1 | 1110.0 |
       Volcano |    762 |    762 |      0 |      0 |    584 |   1 |  762.0 |
               +--------+--------+--------+--------+--------+-----+--------+

Top non-repeatable levels by time:
   Elf:1: 2956 daAuts
   Orc:1: 1936 daAuts
    D:10: 1671 daAuts
Spider:2: 1628 daAuts
Spider:4: 1549 daAuts
Spider:1: 1452 daAuts
   Elf:2: 1438 daAuts
  Lair:3: 1346 daAuts
     D:4: 1205 daAuts
Spider:3: 1200 daAuts
   Orc:2: 1178 daAuts
    D:13: 1146 daAuts
   IceCv: 1110 daAuts
    D:15: 1095 daAuts
     D:9: 1067 daAuts
